Map: Ascension to Aiur LE

Players

ShoWTimE

  • Race: Protoss Protoss
  • League: Grandmaster
  • Spawn Location: 11:00

Elazer - Winner!

  • Race: Zerg Zerg
  • League: Master
  • Spawn Location: 5:00

Event: HomeStory Cup XVI

VOD

Have the link to the VOD?

Description

Time

  • Played on: Nov. 11, 2017, 10:34 a.m.
  • Length: 8:23

All games in this series

Show
View Real Time Build Order
Export as new Build Order

ShoWTimE Protoss 

Build Orders: 1 Gate Expand, Oracle Opening, Phoenix Opening 

Get SALT Encoding   

  1  0:00  Probe (Chrono Boost)  
  12  0:04  Probe (Chrono Boost)  
  14  0:17  Pylon  
  14  0:23  Probe (Chrono Boost)  
  16  0:37  Probe (Chrono Boost)  
  16  0:38  Gateway  
  16  0:43  Assimilator  
  16  0:49  Probe (Chrono Boost)  
  17  0:57  Probe (Chrono Boost)  
  17  1:03  Probe (Chrono Boost)  
  19  1:15  Probe (Chrono Boost)  
  20  1:25  Nexus  
  20  1:36  Cybernetics Core  
  20  1:39  Probe (Chrono Boost)  
  21  1:44  Assimilator  
  21  1:52  Probe (Chrono Boost), Pylon  
  22  2:01  Adept  
  22  2:04  Probe (Chrono Boost)  
  26  2:16  Probe (Chrono Boost)  
  26  2:23  Stargate  
  26  2:28  Probe (Chrono Boost)  
  27  2:31  Warp Gate  
  27  2:34  Adept  
  27  2:36  Probe (Chrono Boost)  
  29  2:40  Probe (Chrono Boost)  
  29  2:42  Probe (Chrono Boost)  
  33  2:52  Probe (Chrono Boost)  
  33  2:53  Probe (Chrono Boost)  
  34  2:58  Oracle  
  34  3:01  Adept  
  34  3:04  Probe (Chrono Boost)  
  38  3:05  Probe (Chrono Boost)  
  41  3:16  Probe (Chrono Boost)  
  41  3:17  Probe (Chrono Boost)  
  41  3:18  Pylon  
  43  3:25  Gateway  
  44  3:28  Probe (Chrono Boost)  
  44  3:30  Gateway, Probe (Chrono Boost)  
  45  3:40  Phoenix, Probe (Chrono Boost)  
  48  3:42  Probe (Chrono Boost)  
  48  3:49  Probe (Chrono Boost)  
  48  3:50  Assimilator  
  48  3:53  Probe (Chrono Boost)  
  50  3:55  Pylon  
  50  3:56  Probe (Chrono Boost)  
  50  4:00  Twilight Council  
  51  4:05  Probe (Chrono Boost)  
  51  4:08  Probe (Chrono Boost)  
  51  4:09  Resonating Glaives  
  53  4:12  Pylon  
  54  4:17  Probe (Chrono Boost)  
  54  4:35  Adept x3  
  54  4:36  Nexus  
  60  4:43  Pylon  
  60  4:47  Robotics Facility  
  60  4:52  Shield Battery  
  60  4:56  Adept x3  
  66  5:04  Probe x2 (Chrono Boost)  
  68  5:07  Pylon  
  68  5:17  Adept x3  
  74  5:22  Pylon  
  74  5:24  Shield Battery  
  74  5:25  Immortal  
  74  5:32  Gateway  
  74  5:34  Gateway  
  78  5:38  Sentry  
  78  5:39  Sentry x2  
  84  5:58  Gateway  
  84  6:01  Gateway  
  84  6:03  Gateway, Probe x2 (Chrono Boost)  
  87  6:05  Pylon  
  87  6:07  Immortal  
  91  6:12  Probe (Chrono Boost)  
  91  6:14  Sentry x2  
  91  6:15  Probe (Chrono Boost)  
  96  6:21  Pylon  
  96  6:28  Sentry  
  96  6:31  Warp Prism  
  98  6:37  Zealot  
  100  6:40  Adept x3  
  100  6:44  Pylon  
  108  6:50  Pylon  
  108  6:51  Probe x2 (Chrono Boost)  
  108  6:52  Probe (Chrono Boost)  
  109  7:02  Adept x3, Observer  
  109  7:03  Adept  
  118  7:09  Adept  
  118  7:12  Adept  
  118  7:13  Adept  
  124  7:16  Pylon  
  124  7:19  Pylon  
  124  7:20  Adept  
  126  7:32  Adept x5  
  126  7:33  Adept x2  
  88  7:55  Adept x8  
Show
View Real Time Build Order
Export as new Build Order

Elazer Zerg - Winner!

Build Orders: Hatch First 

Get SALT Encoding   

  12  0:00  Drone  
  13  0:12  Overlord  
  13  0:17  Drone  
  14  0:30  Drone x2  
  16  0:47  Hatchery  
  15  0:50  Drone  
  15  0:54  Drone  
  17  1:00  Drone  
  18  1:08  Extractor  
  17  1:14  Spawning Pool  
  17  1:17  Drone  
  17  1:20  Drone  
  18  1:28  Drone  
  19  1:38  Overlord  
  19  1:49  Drone  
  20  2:00  Queen x2, Drone  
  20  2:01  Zergling x2  
  26  2:08  Metabolic Boost  
  26  2:10  Drone  
  26  2:13  Drone  
  28  2:21  Drone x2  
  30  2:34  Zergling x2  
  31  2:43  Drone x2  
  33  2:45  Hatchery  
  33  2:47  Overlord  
  32  2:55  Drone  
  32  2:56  Drone  
  34  3:08  Drone x2  
  34  3:09  Queen  
  34  3:11  Drone x3  
  41  3:18  Overlord  
  41  3:20  Drone  
  41  3:26  Drone  
  43  3:28  Drone  
  43  3:32  Spore Crawler  
  43  3:33  Spore Crawler  
  42  3:36  Drone  
  42  3:40  Drone x3  
  46  3:42  Drone  
  46  3:43  Drone  
  46  3:45  Queen  
  50  3:48  Overlord  
  50  3:49  Drone  
  50  3:53  Lair  
  51  3:56  Drone  
  51  4:00  Overlord  
  51  4:02  Drone x2  
  54  4:09  Drone  
  55  4:13  Extractor x2  
  55  4:14  Extractor  
  55  4:15  Spore Crawler, Drone x4  
  55  4:16  Drone  
  56  4:20  Drone x2  
  59  4:24  Drone x3  
  61  4:33  Drone x2  
  62  4:40  Overlord  
  62  4:41  Drone x2  
  64  4:46  Zergling x4  
  64  4:47  Overlord  
  64  4:52  Overlord  
  66  4:53  Hydralisk Den  
  66  4:56  Zergling x2  
  66  4:58  Overlord  
  66  4:59  Zergling x6  
  69  5:07  Zergling x4  
  69  5:08  Zergling x2  
  71  5:17  Overlord  
  71  5:22  Hydralisk x7  
  71  5:24  Hydralisk  
  87  5:28  Hydralisk  
  87  5:31  Hydralisk  
  87  5:34  Hydralisk  
  93  5:36  Zergling x2  
  93  5:37  Zergling x2  
  93  5:40  Zergling x4  
  93  5:42  Hydralisk  
  97  5:47  Overlord  
  99  5:55  Overlord  
  99  5:57  Muscular Augments  
  99  5:59  Overlord  
  99  6:01  Overlord  
  99  6:06  Drone x5  
  99  6:07  Extractor  
  99  6:08  Drone  
  104  6:11  Evolution Chamber  
  104  6:13  Baneling Nest  
  104  6:15  Drone x2  
  104  6:21  Overlord  
  104  6:26  Hydralisk x3  
  104  6:31  Hydralisk x2  
  114  6:34  Hydralisk  
  114  6:36  Overlord  
  115  6:42  Drone x2  
  115  6:44  Extractor, Drone  
  115  6:46  Drone  
  118  6:48  Drone  
  118  6:49  Drone  
  118  6:50  Drone  
  118  6:51  Drone  
  118  6:53  Drone  
  123  6:56  Drone x2  
  123  6:58  Drone  
  123  6:59  Drone  
  123  7:02  Centrifical Hooks  
  123  7:04  Baneling x5  
  123  7:06  Baneling x2  
  123  7:08  Baneling x3  
  123  7:09  Hydralisk  
  123  7:15  Hydralisk x2  
  129  7:18  Hydralisk  
  129  7:20  Hydralisk  
  133  7:25  Hydralisk x2  
  133  7:29  Baneling x2  
  137  7:39  Pneumatized Carapace  
  137  7:40  Overlord  
  137  7:42  Zergling x10  
  139  7:46  Hatchery  
  139  7:50  Zergling x4  
  139  7:51  Zergling x12  
  137  7:57  Zergling x10  
Tags
 
Add a new tag
Caveats
  • Supply blocks, unpowered buildings, or Contaminate may cause inaccurate times.
  • Supply counts are checked every 10 seconds.